Map: Dusk Towers

Players

Maximus

  • Race: Terran Terran
  • League: Silver

lesha - Winner!

  • Race: Terran Terran
  • League: Silver

VOD

Have the link to the VOD?

Description

Time

  • Played on: Dec. 19, 2015, 9:23 a.m.
  • Length: 12:19
Show
View Real Time Build Order
Export as new Build Order

Maximus Terran 

Build Orders: MMM Bio 

Get SALT Encoding   

  12  0:02  SCV  
  13  0:14  SCV  
  13  0:18  Supply Depot  
  14  0:26  SCV  
  15  0:38  Refinery  
  15  0:41  Barracks  
  15  1:01  SCV  
  16  1:13  SCV  
  17  1:25  SCV  
  17  1:29  Marine  
  19  1:34  Supply Depot  
  19  1:37  SCV  
  20  1:49  Refinery, Orbital Command  
  20  1:58  Factory  
  20  2:02  Barracks Reactor  
  20  2:15  SCV  
  21  2:27  SCV  
  22  2:39  SCV  
  22  2:51  SCV  
  22  2:57  Command Center  
  23  3:00  Marine x2  
  23  3:03  SCV  
  26  3:10  Factory Tech Lab, Starport  
  26  3:15  SCV  
  27  3:27  SCV  
  27  3:28  Marine x2  
  30  3:39  SCV  
  30  3:41  Supply Depot  
  31  3:48  Starport Tech Lab  
  31  3:51  Starport Reactor  
  31  3:56  Barracks  
  31  4:02  SCV, Siege Tank, Marine  
  35  4:04  Supply Depot  
  36  4:13  Orbital Command  
  36  4:15  SCV  
  37  4:22  Marine  
  37  4:23  Marine  
  39  4:27  SCV  
  40  4:39  SCV  
  40  4:40  Marine x2  
  40  4:42  Engineering Bay  
  40  4:45  Barracks Tech Lab, Barracks  
  43  4:48  Medivac  
  43  4:51  Medivac  
  47  4:58  Marine  
  48  5:17  Engineering Bay  
  48  5:23  Marine x3  
  48  5:26  Stimpack  
  51  5:30  Supply Depot  
  51  5:33  Barracks Reactor  
  51  5:41  Marine x3  
  54  5:59  Marine x2  
  54  6:00  Marauder  
  55  6:07  Command Center  
  50  6:17  Marine x2  
  52  6:20  Marine  
  50  6:27  Marine x2  
  50  6:28  Orbital Command  
  48  6:34  Marine  
  48  6:35  Marine  
  48  6:38  Marine  
  51  6:45  Marine x2  
  48  6:52  Terran Infantry Weapons Level 1, Terran Infantry Armor Level 1, Marine x2  
  50  6:56  Marine  
  48  7:03  Marine x2  
  50  7:10  Marine x2  
  50  7:14  Marine  
  53  7:17  SCV x2  
  53  7:20  Marine  
  53  7:21  Marine  
  57  7:27  Combat Shields  
  57  7:28  Marine  
  57  7:29  SCV x2  
  60  7:39  Orbital Command  
  60  7:42  SCV  
  61  7:44  Barracks  
  61  7:50  Marine x2  
  63  7:57  Missile Turret  
  63  7:59  SCV, Refinery  
  63  8:01  SCV  
  65  8:09  SCV  
  65  8:11  SCV  
  67  8:13  SCV  
  64  8:21  SCV  
  64  8:23  SCV  
  64  8:25  SCV, Marine x3  
  64  8:26  Missile Turret, Marine  
  69  8:37  Marine  
  69  8:40  Barracks Reactor  
  70  8:43  Marine x4  
  70  8:45  Siege Tank, Concussive Shells, Barracks  
  77  8:53  Refinery  
  77  9:02  Supply Depot  
  77  9:22  Supply Depot  
  77  9:23  SCV x3, Siege Tank, Marine x2  
  85  9:25  Marine  
  85  9:26  Supply Depot  
  86  9:32  Armory  
  86  9:36  SCV x2  
  88  9:39  Orbital Command  
  88  9:43  Barracks Reactor  
  88  9:54  Marine x5  
  88  9:59  Marine x2  
  98  10:00  Siege Tank, Medivac  
  100  10:12  Marine x2  
  100  10:14  Marine x3  
  103  10:16  Marine x2  
  107  10:23  SCV  
  107  10:24  SCV  
  109  10:48  Bunker  
Show
View Real Time Build Order
Export as new Build Order

lesha Terran - Winner!

Build Orders: Reaper Expand, MMM Bio 

Get SALT Encoding   

  12  0:01  SCV  
  13  0:13  SCV  
  14  0:18  Supply Depot  
  14  0:26  SCV  
  15  0:39  SCV  
  15  0:42  Barracks  
  16  0:49  Refinery  
  16  0:52  SCV  
  17  1:04  SCV  
  18  1:27  SCV  
  18  1:28  Command Center  
  19  1:33  Reaper  
  20  1:41  Orbital Command  
  20  1:51  Refinery  
  20  2:02  Supply Depot  
  20  2:09  SCV  
  20  2:12  Marine  
  22  2:21  SCV  
  23  2:24  Factory  
  23  2:37  Marine  
  24  2:51  SCV x2  
  26  3:06  Orbital Command  
  26  3:15  Barracks  
  26  3:16  Starport  
  26  3:23  Supply Depot  
  26  3:25  Supply Depot, Marine  
  27  3:36  SCV  
  27  3:37  SCV  
  29  3:41  Factory Tech Lab  
  29  3:44  Marine  
  30  3:49  SCV x2  
  32  3:59  Starport Reactor  
  32  4:01  SCV x2, Barracks  
  34  4:08  Barracks Reactor  
  34  4:20  Factory Reactor  
  34  4:23  Marauder  
  36  4:27  SCV x2  
  38  4:37  Medivac x2  
  42  4:39  SCV x2  
  44  4:51  SCV x2  
  44  4:52  Marine  
  46  4:53  Engineering Bay x2, Marine  
  46  4:55  Barracks Reactor, Marauder  
  50  5:03  SCV x2  
  52  5:15  SCV x2  
  52  5:16  Barracks  
  52  5:21  Stimpack  
  54  5:25  Marine  
  54  5:26  Marine  
  54  5:27  Marauder  
  58  5:28  Medivac  
  58  5:33  Refinery  
  58  5:35  Terran Infantry Weapons Level 1, Refinery  
  60  5:39  Factory Tech Lab  
  60  5:43  Marine x2  
  61  6:01  Marine  
  62  6:10  Supply Depot  
  62  6:11  Supply Depot  
  62  6:12  Supply Depot  
  62  6:14  Supply Depot  
  62  6:17  Marine x2  
  62  6:21  Marine x2  
  62  6:32  Marauder  
  63  6:34  Marine x2  
  63  6:39  Marine  
  58  7:00  Marine x3  
  58  7:01  Marine x2  
  59  7:11  Terran Infantry Armor Level 1  
  59  7:17  Armory  
  59  7:18  Marine  
  59  7:22  Marine x4  
  61  7:27  Combat Shields  
  64  7:47  SCV x2  
  64  7:48  Command Center  
  66  7:52  Marine x4  
  66  7:53  Marauder, Marine x2  
  66  7:56  Medivac x2  
  78  7:59  SCV x2  
  80  8:10  Supply Depot x2, Marine x4  
  80  8:11  Supply Depot, SCV x2, Marine x2  
  88  8:15  Marauder  
  90  8:26  Medivac x2  
  92  8:28  Marine x2  
  92  8:29  Marine  
  92  8:30  Marine x2  
  92  8:34  Supply Depot  
  88  8:36  Marauder  
  88  8:38  Marine  
  89  8:45  Terran Infantry Weapons Level 2, Marine  
  89  8:46  Marine  
  89  8:47  Marine x3  
  94  8:56  Marine  
  94  8:57  Barracks  
  94  8:58  Barracks, Marauder  
  94  9:00  Barracks x2  
  97  9:03  Marine x2  
  97  9:05  Marine  
  100  9:10  Concussive Shells  
  100  9:14  Terran Infantry Armor Level 2  
  100  9:17  Orbital Command  
  100  9:19  Marauder  
  100  9:23  Marine x4  
  106  9:36  Starport  
  106  9:40  Orbital Command, Marauder  
  108  10:06  Barracks Reactor  
  108  10:07  Barracks Reactor x3  
  108  10:08  Marine x4  
  108  10:09  Marine x3  
  108  10:11  Medivac x2  
  119  10:26  Marine  
  119  10:27  Marine x3  
  123  10:29  Marine x3  
  123  10:31  Medivac  
  98  10:41  Medivac x2  
  98  10:42  Marine x3  
  83  10:43  Marine x5  
  83  10:44  Marine x2  
  83  10:45  Marine x2  
  83  10:47  Marine x3  
  97  11:00  Marine x4  
  97  11:01  Marine x5  
  97  11:02  Marine x2  
  108  11:09  Medivac  
  110  11:11  Medivac x2  
  110  11:15  Marine x3  
  117  11:23  Refinery  
  117  11:24  Refinery  
  117  11:39  Medivac  
  119  11:46  Command Center  
Tags
 
Add a new tag
Caveats
  • Supply blocks, unpowered buildings, or Contaminate may cause inaccurate times.
  • Supply counts are checked every 10 seconds.